AoeStats
← Samaia92

Arabia

507184423Analyzed
1v1 RM · 17d ago on Sep 17, 2026· 47m 0s· 2 players
Game mode
Random Map
Map size
Tiny (2 player)
Population
200
Speed
Normal
Resources
Standard
Victory
Conquest
Starting age
Dark Age
Ending age
Imperial Age
RankedLock teamsTeams togetherTeam positionsShared explorationLock speedFull tech treeHidden civsTurbo modeCheats
Victory
Defeat
🇺🇸 Goths · United States
474
+18
🇨🇴 Vietnamese · Colombia
520
-18
Samaia92
8:00 Loom
9:47 Feudal Age
12:53 Double-Bit Axe
14:14 Fletching
23:37 Castle Age
23:06 Forging
22:57 Scale Mail Armor
22:21 Man-at-Arms
23:00 Horse Collar
23:43 Long Swordsman
25:04 Heavy Plow
24:58 Gold Mining
25:34 Squires
27:27 Bow Saw
28:04 Iron Casting
28:56 Wheelbarrow
29:11 Chain Mail Armor
32:52 Hand Cart
36:17 Imperial Age
34:11 Anarchy
37:25 Elite Huskarl
38:10 Perfusion
44:29 Blast Furnace
44:03 Town Watch
Carls3819
0:40 Loom
11:50 Feudal Age
12:27 Double-Bit Axe
12:27 Horse Collar
28:11 Castle Age
25:36 Man-at-Arms
27:05 Gold Mining
27:05 Stone Mining
27:48 Padded Archer Armor
27:38 Fletching
29:31 Heavy Plow
29:44 Bow Saw
36:50 Imperial Age
33:53 Elite Skirmisher
37:16 Treadmill Crane
37:32 Murder Holes
37:48 Fortified Wall
38:30 Paper Money
39:00 Wheelbarrow
38:11 Town Watch
38:52 Elite Rattan Archer
41:21 Chemistry
42:19 Crop Rotation
42:56 Two-Man Saw
43:56 Hand Cart
44:55 Leather Archer Armor
44:35 Bodkin Arrow
44:19 Light Cavalry
45:10 Bloodlines
46:00 Cavalier
46:40 Husbandry
Connection lost

Rejoining the realm…

Still unreachable

The connection could not be restored.

Session expired

The server has moved on; the page needs a fresh start.